 Dungeon Crawl Stone Soup version 0.29.0-5-ge4962eb29e (webtiles) character file.

Game seed: 8370938159688904867

42401 edwardauron the Cruncher (level 13, -3/88 HPs)
             Began as a Grey Draconian Earth Elementalist on Aug 29, 2022.
             Was the Champion of Cheibriados.
             Killed from afar by a starcursed mass (6 damage)
             ... with an accursed screaming
             ... on level 5 of the Abyss on Aug 30, 2022.
             The game lasted 00:48:07 (19109 turns).

edwardauron the Cruncher (DrEE)                    Turns: 19109, Time: 00:48:08

Health: -3/88      AC: 19    Str: 29    XL:     13   Next: 85%
Magic:  7/25       EV: 23    Int: 34    God:    Cheibriados [******]
Gold:   900        SH: 13    Dex: 28    Spells: 12/28 levels left

rFire   . . .      SeeInvis .   x - staff of conjuration
rCold   + . .      Faith    .   I - +1 kite shield
rNeg    . . .      Spirit   .   (body armour unavailable)
rPois   .          Reflect  .   (helmet restricted)
rElec   .          Harm     .   v - +2 cloak
rCorr   .          Rampage  .   D - +2 pair of gloves {Str+3}
Will    .....                   (no boots)
Stlth   +.........              F - amulet of magic regeneration
HPRegen 0.00/turn               g - +4 ring of evasion
MPRegen 0.59/turn               j - ring of protection from cold

@: sick, glowing, very slow
A: AC +13, amphibious, unfitting armour, cold-blooded, frail 2, inability to
drink after injury 1, inability to read after injury 1
a: Renounce Religion, Bend Time, Temporal Distortion, Slouch, Step From Time


You were on level 5 of the Abyss.
You worshipped Cheibriados.
Cheibriados was exalted by your worship.
You visited 2 branches of the dungeon, and saw 15 of its levels.
You visited the Abyss 1 time.
You also visited: Ossuary and Bailey.

You collected 1102 gold pieces.
You spent 202 gold pieces at shops.

Inventory:

Missiles
 p - 3 throwing nets
Armour
 v - a +2 cloak (worn)
 D - a +2 pair of gloves of strength (worn)
 I - a +1 kite shield (worn)
Magical Staves
 x - a staff of conjuration (weapon)
 y - a staff of fire
Jewellery
 g - a +4 ring of evasion (left hand)
 j - a ring of protection from cold (right hand)
 m - a ring of see invisible
 B - a ring of willpower
 F - an amulet of magic regeneration (around neck)
Wands
 a - a wand of mindburst (16)
 b - a wand of flame (68)
 z - a wand of quicksilver (24)
 A - a wand of polymorph (5)
 C - a wand of paralysis (23)
 H - a wand of iceblast (9)
Scrolls
 f - a scroll of enchant armour
 i - a scroll of magic mapping
 l - a scroll of teleportation
 n - 2 scrolls of fear
 r - 15 scrolls of identify
 s - 2 scrolls of butterflies
 t - a scroll of silence
 G - 2 scrolls of enchant weapon
Potions
 d - a potion of ambrosia
 k - 6 potions of brilliance
 o - 2 potions of cancellation
 w - 3 potions of might
 E - 2 potions of flight


   Skills:
 + Level 8.8 Fighting
 + Level 11.9 Staves
 + Level 9.1 Dodging
 - Level 1.7 Stealth
 + Level 4.5 Shields
 + Level 8.4 Spellcasting
 - Level 5.8 Conjurations
 + Level 5.5 Transmutations
 + Level 3.5 Fire Magic
 - Level 5.0 Ice Magic
 + Level 11.9 Earth Magic
 + Level 2.2 Invocations


You had 12 spell levels left.
You knew the following spells:

 Your Spells              Type           Power      Damage    Failure   Level
a - Sandblast             Erth           100%       2d20      1%          1
b - Stone Arrow           Conj/Erth      100%       3d13      1%          3
c - Frozen Ramparts       Ice            96%        1d15      3%          3
d - Statue Form           Tmut/Erth      43%        N/A       36%         6
e - Ozocubu's Armour      Ice            48%        N/A       3%          3

Your spell library contained the following spells:

 Spells                   Type           Power      Damage    Failure   Level
 Foxfire                  Conj/Fire      100%       2x1d9     1%          1
 Passwall                 Tmut/Erth      54%        N/A       1%          2
 Lee's Rapid Deconstruct  Erth           38%        3d20*     1%          5
 Shock                    Conj/Air       100%       1d9       2%          1
 Petrify                  Tmut/Erth      65%        N/A       2%          4
 Conjure Flame            Conj/Fire      62%        6-21      4%          3
 Leda's Liquefaction      Hex/Erth       26%        N/A       8%          4
 Apportation              Tloc           28%        N/A       9%          1
 Necrotise                Necr           56%        1d6       9%          1
 Summon Small Mammal      Summ           56%        N/A       9%          1
 Ice Form                 Ice/Tmut       50%        N/A       11%         4
 Inner Flame              Hex/Fire       26%        N/A       13%         3
 Flame Wave               Conj/Fire      62%        2d14      13%         4
 Call Canine Familiar     Summ           14%        N/A       26%         3
 Portal Projectile        Hex/Tloc       28%        N/A       26%         3
 Swiftness                Air            14%        N/A       26%         3
 Summon Ice Beast         Ice/Summ       31%        N/A       32%         4
 Airstrike                Air            7%         2d(1-17)  65%         4
 Summon Mana Viper        Hex/Summ       14%        N/A       94%         5
 Monstrous Menagerie      Summ           7%         N/A       100%        7
 Ozocubu's Refrigeration  Ice            24%        4d12      100%        7


Dungeon Overview and Level Annotations

Branches:
Dungeon (14/15)            Temple (1/1) D:7            Lair (0/5) D:8
    Orc (0/2) D:12         Vaults (0/5) D:14        Ossuary (visited)
 Bailey (visited)

Altars:
Ashenzari
Cheibriados
Dithmenos
Elyvilon
Fedhas
Gozag
Hepliaklqana
Kikubaaqudgha
Makhleb
Nemelex Xobeh
Okawaru
Qazlal
Ru
Sif Muna
Trog
Uskayaw
Vehumet
Wu Jian
Yredelemnul
The Shining One

Shops:
D:7 ([   D:8 (

Annotations:
D:14 Louise


Innate Abilities, Weirdness & Mutations

Your dull iron-grey scales are very hard. (AC +13)
You are amphibious.
You cannot fit into any form of body armour.
You are cold-blooded and may be slowed by cold attacks.
You are very frail. (-20% HP)
You occasionally lose the ability to drink potions when taking damage.
You occasionally lose the ability to read scrolls when taking damage.


Message History

The angel hits you but does no damage.
The eidolon resists.
The wall freezes the eidolon.
A tentacled starspawn comes into view.
The wall freezes the angel but does no damage.
You block the angel's attack. The angel completely misses you.
The wall freezes the starcursed mass but does no damage.
A starcursed mass splits.
The eidolon resists.
The wall freezes the eidolon.
You block the eidolon's attack. x2; The wall freezes the ancient zyme.
You feel ill.
Press: ? - help, v - describe, . - travel
Here: an angel, wielding a +2 whip of holy wrath and wearing a +0 robe of positive energy (lightly wounded, haloed)
The floor.
Unknown command.
The flow of time bends around you.
Cheibriados rebukes the eidolon.
The eidolon seems to slow down.
Cheibriados rebukes the angel.
The angel seems to slow down.
The wall freezes the angel!
The angel closely misses you. The angel barely misses you.
The wall freezes the starcursed mass.
A starcursed mass splits.
A chorus of shrieks assaults your mind.
* * * LOW HITPOINT WARNING * * *
The starcursed mass shudders and is absorbed by its neighbour.
The wall freezes the starcursed mass.
The starcursed mass shudders and is absorbed by its neighbour.
The wall freezes the ancient zyme.
Your frozen ramparts will break if you move.
Continue?
The starcursed mass attacks as you move away!
The starcursed mass touches you.
* * * LOW HITPOINT WARNING * * *
The frozen ramparts melt away as you move.
The angel misses you. You block the angel's attack. x2
The angel barely misses you.
The eidolon hits you but does no damage.
The eidolon closely misses you.
The starcursed mass shrieks in your mind.
* * * LOW HITPOINT WARNING * * *
You can read scrolls again.
The starcursed mass shrieks in your mind.
You die...

## # .. # ##.#.#
....#...# ##
#.#.....##.###
.X.......#.ยง#..
.x###@.....#
#.#.A#..##.#
#W.## ## #X####
#. ## .. ###


You could see a starcursed mass, an angel (slow), a tentacled starspawn and an
eidolon (slow).

Vanquished Creatures
  Kirke (D:14)
  Azrael (D:14)
  A bunyip (Abyss:4)
  Snorg (D:13)
  A yaktaur captain (D:14)
  4 hydras
  An ogre mage (Abyss:5)
  2 two-headed ogres (D:9)
  5 centaur warriors
  A tengu warrior (D:13)
  3 glowing orange brains
  5 ugly things
  2 deep elf pyromancers (D:14)
  3 manticores
  A shining eye (Abyss:5)
  4 cyclopes
  A gargoyle (D:14)
  2 centaur skeletons (D:7)
  2 efreet
  3 unseen horrors
  A kobold demonologist (D:9)
  2 komodo dragons (D:8)
  A freezing wraith (Abyss:5)
  2 yaktaurs (D:14)
  2 hellwings (D:7)
  3 meliai (D:12)
  5 trolls
  3 raiju (Abyss:5)
  Grinder (D:3)
  Prince Ribbit (D:5)
  2 large abominations (Abyss:5)
  11 slime creatures (D:13)
  Sigmund (D:2)
  A shadow (D:13)
  A ynoxinul (Abyss:5)
  2 fire bats (Abyss:5)
  3 wraiths
  A vampire (D:11)
  2 wyverns
  12 yaks
  4 neqoxecs (Abyss:3)
  Eustachio (D:5)
  2 steam dragons (D:5)
  A hog (shapeshifter) (D:14)
  2 hogs (D:14)
  2 fire elementals (D:14)
  4 vampire mosquitoes (D:11)
  3 chaos spawn (Abyss:5)
  Edmund (D:4)
  4 water moccasins
  An acid dragon (D:13)
  2 hell hounds (D:14)
  The ghost of LynnLen the Sneak, an amateur SpEn (D:3)
  12 orc warriors
  A black bear (D:6)
  3 ice beasts
  A starcursed mass (Abyss:3)
  An ogre (D:5)
  10 centaurs
  6 kobold brigands
  6 bullfrogs
  4 gnoll sergeants
  2 necrophages (D:6)
  14 scorpions
  12 wights
  5 killer bees
  2 howler monkeys
  6 centaur zombies
  5 hounds
  A jelly (D:7)
  8 orc priests
  Crazy Yiuf (D:4)
  A human zombie (Ossuary)
  8 iguanas
  13 orc wizards
  6 scorpion zombies (Ossuary)
  A boggart skeleton (D:7)
  3 mummies (Ossuary)
  27 gnolls
  3 adders
  4 shadow imps (D:7)
  2 white imps (D:6)
  2 worms
  4 dart slugs
  54 orcs
  6 ball pythons
  6 bats
  12 endoplasms
  A giant cockroach (D:4)
  10 goblins
  11 hobgoblins
  7 jackals
  4 quokkas
  2 frilled lizards
  2 gnoll zombies (Ossuary)
  4 goblin zombies (Ossuary)
  A hobgoblin zombie (Ossuary)
  36 kobolds
  2 kobold zombies (Ossuary)
  3 orc zombies (Ossuary)
  12 rats
476 creatures vanquished.

Vanquished Creatures (others)
  2 humans (D:14)
  A small abomination (Abyss:3)
  4 demonic plants (Abyss:4)
  40 fungi
  25 plants (D:8)
72 creatures vanquished.

Grand Total: 548 creatures vanquished

Notes
Turn   | Place    | Note
-------+----------+-------------------------------------------
     0 | D:1      | edwardauron the Draconian Earth Elementalist began the
                  | quest for the Orb.
     0 | D:1      | Reached XP level 1. HP: 14/14 MP: 3/3
   152 | D:1      | Reached XP level 2. HP: 20/20 MP: 3/5
  1189 | D:2      | Reached XP level 3. HP: 26/26 MP: 3/6
  1603 | D:2      | Reached XP level 4. HP: 33/33 MP: 6/8
  1758 | D:2      | Found a faded altar of an unknown god.
  1838 | D:2      | Noticed Sigmund
  1884 | D:2      | Killed Sigmund
  1885 | D:2      | Reached skill level 5 in Earth Magic
  1885 | D:2      | Reached XP level 5. HP: 10/38 MP: 4/10
  2897 | D:3      | Noticed LynnLen's ghost (amateur SpEn)
  2900 | D:3      | Found a runed translucent door.
  2915 | D:3      | Learned a level 3 spell: Stone Arrow
  2924 | D:3      | Killed LynnLen's ghost
  2925 | D:3      | Reached skill level 1 in Fighting
  2925 | D:3      | Reached XP level 6. HP: 47/47 MP: 7/11
  3206 | D:3      | Noticed Grinder
  3210 | D:3      | Paralysed by Grinder for 4 turns
  3227 | D:3      | Killed Grinder
  3228 | D:3      | Reached skill level 1 in Conjurations
  3228 | D:3      | Your scales start taking on a dull iron-grey colour.
  3228 | D:3      | Reached XP level 7. HP: 47/53 MP: 2/13
  3705 | D:4      | Found a sand-covered staircase.
  3710 | Ossuary  | Entered an ossuary
  4117 | Ossuary  | Reached XP level 8. HP: 40/63 MP: 4/14
  4566 | D:4      | Reached skill level 5 in Spellcasting
  4661 | D:4      | Noticed Edmund
  4666 | D:4      | Killed Edmund
  5451 | D:4      | Found a runed translucent door.
  5452 | D:4      | Noticed Crazy Yiuf
  5457 | D:4      | Killed Crazy Yiuf
  5493 | D:5      | Entered Level 5 of the Dungeon
  5506 | D:5      | Noticed Prince Ribbit
  5510 | D:5      | Killed Prince Ribbit
  5709 | D:5      | Reached XP level 9. HP: 72/72 MP: 13/17
  5768 | D:5      | Noticed Eustachio
  5777 | D:5      | Killed Eustachio
  5781 | D:5      | Reached skill level 5 in Fighting
  6333 | D:5      | Reached skill level 5 in Dodging
  6612 | D:6      | Reached skill level 5 in Conjurations
  6904 | D:6      | Found a radiant altar of Vehumet.
  7068 | D:6      | Reached skill level 1 in Staves
  7392 | D:6      | Learned a level 3 spell: Frozen Ramparts
  7668 | D:7      | Found a staircase to the Ecumenical Temple.
  7785 | Temple   | Entered the Ecumenical Temple
  7848 | Temple   | Became a worshipper of Cheibriados the Contemplative
  7887 | D:7      | Reached skill level 1 in Fire Magic
  7908 | D:7      | Reached XP level 10. HP: 66/83 MP: 5/19
  8244 | D:7      | Found a sacrificial altar of Ru.
  8363 | D:7      | Reached * piety under Cheibriados
  8384 | D:7      | Found Eddoamo's Antique Armour Emporium.
  8388 | D:7      | Bought a pair of runed gloves for 202 gold pieces
  8419 | D:7      | Reached skill level 1 in Invocations
  8749 | D:7      | Reached skill level 5 in Staves
  9132 | D:7      | Reached ** piety under Cheibriados
  9478 | D:7      | Found Puujou's Antique Weapon Emporium.
  9713 | D:8      | Reached *** piety under Cheibriados
  9720 | D:8      | Reached XP level 11. HP: 33/90 MP: 1/20
  9787 | D:8      | Found a flagged portal.
  9802 | Bailey   | Entered a bailey
 10150 | Bailey   | Reached skill level 1 in Ice Magic
 10481 | Bailey   | Identified the +1 storm dragon scales "Fuitihe" {rElec rF+
                  | Regen+ Str+5 Dex-4}
 10826 | D:8      | Reached **** piety under Cheibriados
 11278 | D:8      | Found a staircase to the Lair.
 11415 | D:8      | Found Kireumu's Weapon Emporium.
 11445 | D:8      | Found an opulent altar of Gozag.
 11698 | D:9      | Reached ***** piety under Cheibriados
 12044 | D:9      | Noticed a two-headed ogre
 12048 | D:9      | Killed a two-headed ogre
 12083 | D:9      | Reached skill level 10 in Staves
 12516 | D:9      | Noticed a two-headed ogre
 12521 | D:9      | Killed a two-headed ogre
 12629 | D:10     | Entered Level 10 of the Dungeon
 12749 | D:10     | Learned a level 6 spell: Statue Form
 12908 | D:10     | Reached skill level 10 in Earth Magic
 13545 | D:11     | Reached XP level 12. HP: 98/100 MP: 17/22
 13868 | D:11     | Reached ****** piety under Cheibriados
 14320 | D:12     | Found a staircase to the Orcish Mines.
 14587 | D:12     | Noticed a seven-headed hydra
 14599 | D:12     | Killed a seven-headed hydra
 15352 | D:13     | Noticed a centaur warrior
 15359 | D:13     | Killed a centaur warrior
 15390 | D:13     | Noticed a centaur warrior
 15394 | D:13     | Killed a centaur warrior
 15437 | D:13     | Reached skill level 1 in Shields
 15481 | D:13     | Noticed Snorg
 15494 | D:13     | Killed Snorg
 16241 | D:13     | Noticed a tengu warrior
 16260 | D:13     | Noticed a centaur warrior
 16266 | D:13     | Killed a tengu warrior
 16268 | D:13     | Killed a centaur warrior
 16489 | D:13     | Reached skill level 5 in Ice Magic
 16514 | D:13     | Identified the +8 sling of Eprintopp {freeze, Fly Will+
                  | Dex+4}
 16609 | D:14     | Noticed a six-headed hydra
 16613 | D:14     | Reached XP level 13. HP: 107/107 MP: 16/24
 16624 | D:14     | Noticed Kirke
 16633 | D:14     | Killed Kirke
 16901 | D:14     | Learned a level 3 spell: Ozocubu's Armour
 17486 | D:14     | Noticed Azrael
 17497 | D:14     | Killed Azrael
 17498 | D:14     | Reached skill level 5 in Transmutations
 18112 | D:14     | Found a gate to the Vaults.
 18433 | D:14     | Noticed Louise
 18450 | Abyss:3  | Cast into level 3 of the Abyss (Louise)
 18452 | Abyss:3  | Found a corrupted altar of Lugonu.
 18460 | Abyss:3  | Noticed a starcursed mass
 18461 | Abyss:3  | Noticed a green very ugly thing
 18470 | Abyss:3  | Noticed a starcursed mass
 18547 | Abyss:3  | Paralysed by accursed screaming for 2 turns
 18557 | Abyss:3  | HP: 2/108 [starcursed mass/accursed screaming (9)]
 18723 | Abyss:4  | Noticed a bunyip
 18729 | Abyss:4  | Noticed a bone dragon
 18730 | Abyss:4  | Killed a bunyip
 18793 | Abyss:5  | Paralysed by an ogre mage for 4 turns
 18828 | Abyss:5  | Gained mutation: You occasionally lose the ability to read
                  | scrolls when taking damage. [a shining eye]
 18829 | Abyss:5  | Gained mutation: You occasionally lose the ability to drink
                  | potions when taking damage. [a shining eye]
 18831 | Abyss:5  | Gained mutation: You are frail. (-10% HP) [a shining eye]
 18831 | Abyss:5  | Gained mutation: Your magical capacity is low. (-10% MP) [a
                  | shining eye]
 18833 | Abyss:5  | Lost mutation: Your magical capacity is low. (-10% MP) [a
                  | shining eye]
 18834 | Abyss:5  | Gained mutation: You are very frail. (-20% HP) [a shining
                  | eye]
 19100 | Abyss:5  | Noticed an eidolon
 19101 | Abyss:5  | Noticed an angel
 19104 | Abyss:5  | Noticed a starcursed mass
 19106 | Abyss:5  | Noticed a tentacled starspawn
 19108 | Abyss:5  | HP: 3/88 [starcursed mass/accursed screaming (8)]
 19109 | Abyss:5  | Killed from afar by a starcursed mass

Illustrated notes

Levels and vault maps discovered:
D:1:      scummos_arrival_star, layout_basic, minivault_19, nrook_campfire,
          minmay_misc_feat_four_crosses
D:2:      kennysheep_the_goblin_king, layout_basic,
          shapermc_ecumenical_altar_ellora, skrybe_limestone_x,
          minmay_tromino_v2, uniq_sigmund
D:3:      layout_loops_cross, hellmonk_ghost_happy_afterlife, minivault_27,
          kennysheep_generic_room_9, uniq_grinder
D:4:      layout_basic, enter_ossuary_5, uniq_crazy_yiuf_cottage, uniq_edmund
D:5:      kennysheep_steamy, layout_rooms, minivault_5, uniq_prince_ribbit1,
          uniq_eustachio
D:6:      layout_basic, vehumet_altar_wand_db
D:7:      cheibrodos_grave_circle, layout_cave_pools,
          mainiacjoe_overflow_24_doors, minmay_temple_entry_stoned_glass,
          serial_gnoll_camp, gnoll_camp_mini_loothouse, gnoll_camp_mini_shop,
          gnoll_camp_mini_hut, gnoll_camp_mini_shop, gnoll_camp_mini_hut
D:8:      layout_basic, mainiacjoe_overflow_alcove_4,
          due_lair_maze_entry_diamond, serial_shops,
          nicolae_shop_advertising_works [nicolae_subvault_shop_adworks],
          enter_bailey_2
D:9:      layout_roguey
D:10:     layout_roguey
D:11:     layout_cave_pools, kennysheep_generic_room_2
D:12:     layout_gridville, orc_0_dummy, serial_rivers,
          chequers_serial_rivers_micro_e, chequers_serial_rivers_micro_d,
          chequers_serial_rivers_micro_b, chequers_serial_rivers_large_b,
          chequers_serial_rivers_micro_e, solitary_fountain
D:13:     layout_rooms, uniq_snorg
D:14:     minmay_spotlight, layout_gridville, david_vaults_2, uniq_kirke,
          uniq_azrael, uniq_louise
Temple:   nicolae_temple_bog_church
Abyss:5:  base: D:7, evilmike_abyss_exit_10,
          due_evilmike_abyss_rune_seething_liches, minivault_4

Skill      XL: |  1  2  3  4  5  6  7  8  9 10 11 12 13 |
---------------+----------------------------------------+-----
Earth Magic    | 4 5 7 8 9 10 11 | 11.9
Dodging        | 2 3 4 5 7 8 9 |  9.1
Spellcasting   | 3 4 5 6 7 8 |  8.4
Fighting       | 1 3 4 6 7 8 |  8.8
Conjurations   | 1 2 4 5 |  5.8
Staves         | 1 8 10 11 | 11.9
Fire Magic     | 1 3 |  3.5
Invocations    | 1 2 |  2.2
Ice Magic      | 3 5 |  5.0
Transmutations | 4 5 |  5.5
Shields        | 2 4 |  4.5
Stealth        | |  1.7

Action                   |  1- 3 |  4- 6 |  7- 9 | 10-12 | 13-15 || total
-------------------------+-------+-------+-------+-------+-------++-------
Melee: Unarmed           |     9 |       |       |       |       ||     9
       Tailslap          |     4 |       |    14 |    46 |     4 ||    68
       Dagger            |     2 |    12 |    82 |       |       ||    96
       Punch             |       |       |     3 |       |       ||     3
       Staff             |       |       |     1 |   183 |    19 ||   203
 Cast: Sandblast         |    63 |    42 |   194 |   336 |    65 ||   700
       Stone Arrow       |       |       |    20 |   121 |    97 ||   238
       Frozen Ramparts   |       |       |       |    57 |    24 ||    81
       Ozocubu's Armour  |       |       |       |       |     8 ||     8
Invok: Bend Time         |       |       |       |       |     1 ||     1
  Use: Scroll            |     1 |     8 |    13 |     8 |     4 ||    34
       Potion            |       |     3 |       |    11 |    11 ||    25
Armor: Skin              |     2 |     5 |    77 |   321 |    47 ||   452
Dodge: Dodged            |    15 |    25 |   201 |   767 |   123 ||  1131
Block: Kite shield       |       |       |       |    46 |   113 ||   159
